Map: [ESL] NeoHumanity

Players

Dark - Winner!

  • Race: Zerg Zerg

Oliveira

  • Race: Terran Terran

Event: IEM Katowice 2023

VOD

Have the link to the VOD?

Description

Time

  • Played on: Feb. 9, 2023, 7:19 a.m.
  • Length: 11:27

All games in this series

Show
View Real Time Build Order
Export as new Build Order

Dark Zerg - Winner!

Build Orders: Hatch First 

Get SALT Encoding   

  12  0:00  Drone  
  13  0:13  Overlord  
  13  0:17  Drone  
  14  0:31  Drone x2  
  16  0:49  Hatchery  
  15  0:52  Drone  
  15  0:55  Drone  
  17  0:58  Drone  
  18  1:09  Extractor  
  17  1:13  Spawning Pool  
  17  1:17  Drone  
  17  1:19  Drone  
  18  1:28  Drone  
  19  1:39  Drone  
  20  1:50  Drone  
  21  2:00  Queen x2  
  26  2:01  Zergling x4  
  27  2:12  Overlord  
  27  2:13  Drone  
  28  2:23  Hatchery  
  28  2:29  Drone  
  28  2:36  Drone, Queen  
  31  2:47  Overlord, Drone  
  31  2:48  Drone  
  33  2:51  Queen  
  35  3:00  Overlord  
  35  3:01  Drone  
  36  3:08  Drone x2  
  36  3:11  Drone  
  39  3:17  Drone x3  
  39  3:19  Drone  
  43  3:20  Drone  
  44  3:30  Drone  
  44  3:32  Roach Warren  
  44  3:33  Drone  
  45  3:37  Queen  
  45  3:39  Overlord  
  45  3:41  Drone x2  
  49  3:48  Drone x2  
  49  3:52  Drone  
  49  3:53  Overlord  
  49  3:54  Drone x2  
  49  3:55  Overlord  
  54  3:58  Drone  
  55  4:12  Drone x3  
  55  4:13  Lair, Roach x2  
  55  4:15  Roach  
  65  4:17  Drone x2  
  65  4:19  Drone, Roach  
  65  4:21  Drone  
  70  4:28  Roach  
  70  4:34  Drone x2  
  70  4:37  Drone  
  72  4:40  Drone  
  72  4:41  Drone x3  
  72  4:44  Drone  
  77  4:47  Drone x2  
  77  4:48  Drone  
  77  4:49  Drone x2  
  82  4:54  Overlord  
  82  4:57  Spore Crawler  
  82  4:58  Extractor  
  82  4:59  Overlord  
  80  5:01  Extractor, Drone x3  
  80  5:02  Extractor x3  
  80  5:05  Drone  
  80  5:06  Overlord, Spore Crawler  
  79  5:07  Spore Crawler  
  79  5:11  Glial Reconstitution  
  78  5:16  Drone, Hatchery  
  78  5:17  Drone x4  
  78  5:21  Drone x3  
  85  5:25  Drone x3  
  85  5:27  Drone x2  
  90  5:28  Drone  
  90  5:33  Evolution Chamber x2  
  89  5:36  Roach  
  89  5:38  Metabolic Boost  
  89  5:40  Overseer  
  89  5:42  Drone x3  
  94  5:46  Drone x3  
  94  5:49  Drone x4  
  101  5:56  Roach x2  
  105  5:58  Zerg Missile Weapons Level 1  
  105  5:59  Zerg Ground Armor Level 1  
  105  6:00  Overlord  
  105  6:02  Overlord  
  105  6:05  Overlord  
  105  6:07  Overlord  
  105  6:08  Overlord  
  105  6:14  Extractor  
  105  6:15  Roach  
  105  6:16  Spore Crawler  
  105  6:17  Extractor, Roach  
  106  6:19  Roach  
  106  6:20  Roach x2  
  106  6:23  Roach x2  
  116  6:26  Roach x2  
  116  6:30  Roach x3  
  126  6:33  Drone  
  126  6:36  Roach x3  
  126  6:38  Roach  
  137  6:40  Roach  
  137  6:45  Roach x4  
  145  6:48  Roach  
  147  6:55  Roach x2  
  151  7:02  Drone  
  151  7:04  Overlord x4  
  151  7:05  Nydus Network  
  151  7:12  Overlord  
  151  7:22  Roach x6  
  163  7:24  Roach  
  163  7:25  Roach x5  
  174  7:30  Drone x4  
  174  7:37  Ravager x11  
  177  7:40  Zergling x6  
  190  7:45  Roach  
  190  7:50  Overlord x2  
  192  7:51  Overlord  
  192  7:56  Nydus Canal  
  157  8:13  Roach x5  
  157  8:14  Roach x6  
  157  8:16  Nydus Canal  
  160  8:20  Roach x8  
  174  8:28  Drone  
  174  8:29  Ravager x2  
  177  8:34  Zerg Ground Armor Level 2, Zerg Missile Weapons Level 2  
  177  8:35  Drone x2  
  175  8:42  Roach  
  175  8:43  Ravager x2  
  175  8:45  Zergling x8  
  175  8:48  Roach x2  
  187  8:52  Roach, Nydus Canal  
  182  9:01  Roach  
  182  9:02  Roach x3  
  172  9:09  Zergling x4  
  171  9:10  Zergling x2  
  171  9:12  Nydus Canal  
  171  9:13  Roach  
  175  9:17  Roach  
  175  9:18  Hatchery  
  175  9:19  Roach  
  175  9:20  Roach  
  175  9:23  Roach  
  180  9:25  Ravager x3  
  180  9:26  Roach  
  180  9:28  Infestation Pit  
  180  9:29  Roach x2  
  181  9:40  Roach x3  
  181  9:41  Nydus Canal, Roach x3  
  190  9:46  Roach x2  
  190  9:48  Ravager x2  
  190  9:49  Ravager  
  190  9:51  Overseer  
  195  10:02  Unknown  
  151  10:08  Roach x10  
  151  10:09  Roach x12  
  174  10:15  Roach  
  174  10:21  Roach x2  
  180  10:25  Drone  
  180  10:26  Drone x3, Hydralisk Den  
  183  10:28  Ravager  
  183  10:30  Zergling x8  
  183  10:32  Ravager  
  183  10:33  Zergling x2  
  183  10:34  Zergling x6  
  193  10:37  Drone  
  193  10:42  Ravager x2  
  195  10:43  Ravager  
  195  10:49  Zergling x6  
  189  11:00  Roach x12  
  179  11:07  Roach x4  
  179  11:10  Nydus Canal  
Show
View Real Time Build Order
Export as new Build Order

Oliveira Terran 

Build Orders: Reaper Expand, Hellion Banshee 

Get SALT Encoding   

  12  0:00  SCV  
  13  0:12  SCV  
  14  0:17  Supply Depot  
  14  0:24  SCV  
  15  0:38  SCV  
  15  0:39  Barracks  
  16  0:43  Refinery  
  16  0:50  SCV  
  17  1:03  SCV  
  18  1:15  SCV  
  19  1:27  Orbital Command  
  19  1:29  Reaper  
  20  1:38  Command Center  
  20  1:48  Supply Depot  
  20  1:53  SCV  
  21  2:00  Marine  
  22  2:05  SCV  
  23  2:11  Factory  
  23  2:17  SCV  
  24  2:23  Barracks Reactor  
  24  2:31  SCV  
  25  2:42  Command Center  
  25  2:43  SCV  
  26  2:51  Orbital Command  
  26  2:55  SCV  
  27  3:01  Starport  
  27  3:04  Refinery  
  27  3:08  SCV  
  27  3:12  Barracks Tech Lab  
  28  3:17  SCV  
  28  3:18  Hellion  
  33  3:20  Hellion  
  33  3:21  SCV  
  34  3:29  SCV  
  34  3:34  SCV  
  36  3:39  Hellion  
  40  3:41  SCV, Hellion  
  40  3:44  Banshee  
  40  3:45  Marine  
  40  3:46  SCV  
  46  3:53  SCV  
  46  3:55  Orbital Command  
  47  3:56  Cloaking Field  
  47  3:58  SCV  
  48  4:03  Hellion  
  48  4:04  Supply Depot  
  48  4:06  Hellion  
  48  4:09  SCV  
  53  4:11  SCV  
  53  4:12  Barracks Tech Lab  
  53  4:20  SCV  
  53  4:21  SCV  
  53  4:23  SCV  
  56  4:27  Banshee  
  56  4:28  Supply Depot  
  59  4:35  Factory Reactor, SCV  
  59  4:37  SCV  
  61  4:39  Barracks, SCV  
  61  4:40  Marine, Barracks  
  63  4:48  SCV  
  63  4:49  Stimpack, SCV  
  63  4:51  SCV  
  63  4:52  Supply Depot  
  66  5:00  Orbital Command, Engineering Bay x2  
  66  5:01  Marine, Refinery  
  66  5:02  Refinery  
  66  5:03  SCV  
  66  5:05  SCV  
  69  5:15  SCV  
  69  5:17  Barracks, SCV  
  69  5:18  Supply Depot  
  71  5:22  Barracks  
  71  5:25  SCV  
  71  5:27  SCV  
  71  5:28  Starport Reactor  
  73  5:29  Marine x2, SCV  
  73  5:30  Siege Tank  
  79  5:36  Marine x2  
  79  5:37  SCV  
  79  5:40  Terran Infantry Weapons Level 1  
  79  5:41  SCV  
  83  5:43  Marine, Terran Infantry Armor Level 1, Supply Depot  
  83  5:46  SCV  
  86  5:50  SCV  
  86  5:51  Marine  
  86  5:53  Supply Depot  
  86  5:54  Marine  
  86  5:56  Marine, SCV  
  90  5:58  SCV  
  90  6:02  SCV  
  92  6:04  Command Center  
  92  6:06  Siege Tank  
  92  6:08  SCV  
  92  6:10  SCV, Barracks Reactor x2  
  92  6:11  Marine  
  98  6:14  SCV  
  98  6:15  Supply Depot  
  98  6:16  Marine x3  
  102  6:20  SCV  
  102  6:22  SCV  
  102  6:23  Marine  
  103  6:26  SCV, Supply Depot  
  103  6:28  Marine  
  103  6:29  Medivac x2  
  103  6:30  Combat Shield  
  109  6:35  Refinery  
  109  6:36  Refinery  
  109  6:37  Marine x2, SCV x2  
  113  6:40  Supply Depot  
  113  6:41  SCV  
  113  6:43  Marine  
  115  6:49  SCV, Supply Depot  
  115  6:51  Marine  
  115  6:53  SCV  
  118  6:55  Siege Tank  
  118  6:58  Factory, SCV  
  118  7:00  Supply Depot, Armory  
  122  7:02  Marine  
  122  7:08  Marine x3  
  123  7:09  Marine  
  123  7:10  SCV  
  123  7:11  SCV  
  123  7:13  Supply Depot  
  129  7:16  Marine x2  
  129  7:20  Medivac x2  
  132  7:25  Marine x3  
  132  7:27  SCV  
  134  7:34  Siege Tank, Marine  
  134  7:36  Marine x2  
  132  7:38  Marine x3  
  132  7:41  Supply Depot  
  132  7:42  Marine  
  132  7:43  Marine  
  137  7:45  Marine, Factory Tech Lab  
  137  7:47  Terran Infantry Weapons Level 2  
  137  7:48  Supply Depot  
  138  7:52  Marine  
  138  7:54  Marine x2  
  138  7:57  Marine x2  
  143  7:59  Marine  
  143  8:01  Marine x2  
  145  8:07  Supply Depot  
  145  8:09  Marine  
  120  8:13  Marine x2  
  120  8:14  Siege Tank  
  97  8:22  Marine x2  
  97  8:24  Siege Tank  
  97  8:26  Marine  
  91  8:27  Liberator x2  
  91  8:28  Marine x3  
  91  8:30  Terran Infantry Armor Level 2  
  91  8:31  Marine  
  91  8:33  Marine  
  91  8:34  Marine  
  97  8:36  SCV x2  
  97  8:39  Terran Vehicle Weapons Level 1  
  97  8:40  Marine x2  
  101  8:44  Marine, Supply Depot x2  
  101  8:45  Supply Depot  
  101  8:46  Marine x3  
  101  8:47  Siege Tank  
  101  8:48  SCV x2  
  110  8:49  Marine  
  110  8:52  Marine  
  110  8:53  Marine  
  110  9:01  Marine  
  110  9:02  Marine  
  108  9:05  Marine, Siege Tank  
  108  9:06  Marine  
  108  9:09  Marine  
  113  9:13  Marine  
  114  9:19  Marine  
  114  9:22  Siege Tank  
  118  9:24  SCV  
  118  9:25  Marine x3  
  118  9:27  Medivac  
  116  9:47  SCV  
  116  9:52  Orbital Command  
  116  10:02  Marine  
  116  10:03  Marine x4  
  116  10:04  Marine, Medivac, SCV  
  116  10:05  Marine x2  
  116  10:06  Siege Tank  
  116  10:09  Marine  
  116  10:11  Siege Tank  
  115  10:18  Supply Depot  
  115  10:20  Marine  
  115  10:21  Marine x4, Medivac, Supply Depot  
  119  10:23  SCV x2  
  119  10:28  SCV  
  124  10:39  Marine x3  
  124  10:40  Marine, SCV  
  129  10:44  Marine x2  
  129  10:45  Supply Depot  
  129  10:46  Marine  
  129  10:49  Marine  
  133  10:53  Marine  
  126  10:57  Marine  
  126  10:58  Marine  
  126  11:02  Marine  
  104  11:04  Marine x2  
  104  11:07  Marine  
  104  11:08  Marine  
  95  11:13  SCV  

Tags
 
Add a new tag
Caveats
  • Supply blocks, unpowered buildings, or Contaminate may cause inaccurate times.
  • Supply counts are checked every 10 seconds.